 Dungeon Crawl Stone Soup version 0.24-a0-584-g9d6b971ae4 (webtiles) character file.

Game seed: 15422739515425381444, levelgen mode: deterministic

68 Eightlegvermin the Insei (level 4, 0/28 HPs)
             Began as an Octopode Transmuter on Sept 6, 2019.
             Slain by a gnoll
             ... wielding a +0 spear
              (8 damage)
             ... on level 2 of the Dungeon.
             The game lasted 00:17:24 (1855 turns).

Eightlegvermin the Insei (Octopode Transmuter)      Turns: 1855, Time: 00:17:25

Health: 0/28       AC:  1    Str:  9    XL:     4   Next: 19%
Magic:  6/7        EV: 14    Int: 15    God:
Gold:   10         SH:  0    Dex: 16    Spells: 1/7 levels left

rFire    . . .     SeeInvis .     - Unarmed
rCold    . . .     Gourm    .   (no shield)
rNeg     . . .     Faith    .   (helmet restricted)
rPois    .         Spirit   .   (no amulet)
rElec    .         Reflect  .   d - +3 ring of dexterity
rCorr    .         Harm     .   f - ring of protection from magic
MR       +....                  (no ring)
Stlth    +++.......             (no ring)
HPRegen  0.09/turn              (no ring)
MPRegen  0.10/turn              (no ring)
                                (no ring)
                                (no ring)

@: no status effects
A: almost no armour, stealthy swim, amphibious, 8 rings, constrict 8, camouflage
1, gelatinous body 1
a: no special abilities


You were on level 2 of the Dungeon.
You were very hungry.

You visited 1 branch of the dungeon, and saw 2 of its levels.

You collected 10 gold pieces.

Inventory:

Hand Weapons
 b - a +0 dagger
Missiles
 a - 33 arrows (quivered)
Jewellery
 d - a +3 ring of dexterity (left tentacle)
 f - a ring of protection from magic (right tentacle)
 g - a cursed ring of ice {unknown}
Scrolls
 i - a scroll of remove curse {unknown}
Potions
 e - a potion of heal wounds {unknown}
 h - a potion of agility {unknown}
 n - 2 potions of flight {unknown}
Comestibles
 c - 2 rations


   Skills:
 - Level 1.0 Fighting
 - Level 2.0 Dodging
 - Level 3.1 Stealth
 + Level 3.4 Unarmed Combat
 - Level 2.0 Spellcasting
 * Level 3.2 Transmutations


You had one spell level left.
You knew the following spells:

 Your Spells              Type           Power        Failure   Level  Hunger
a - Beastly Appendage     Tmut           ##....       6%          1    #......
b - Sticks to Snakes      Tmut           ##......     9%          2    ###....
c - Spider Form           Tmut/Pois      #.........   34%         3    ###....

Your spell library contained the following spells:

 Spells                   Type           Power        Failure   Level  Hunger
 Ice Form                 Ice/Tmut       #.......     75%         4    #####..
 Blade Hands              Tmut           ##........   86%         5    ######.


Dungeon Overview and Level Annotations

Branches:
Dungeon (2/15)

Altars:
Elyvilon


Innate Abilities, Weirdness & Mutations

You cannot wear most types of armour.
You are very stealthy in the water. (Stealth+)
You are amphibious.
You can wear up to eight rings at the same time.
You can use your tentacles to constrict eight enemies at once.
Your skin changes colour to match your surroundings (Stealth+).
Your rubbery body absorbs attacks. (AC +1, EV +1)


Message History

You start resting.
You feel sick.
Your transformation is almost over.
A rat comes into view.
You see here a rat corpse.
There are no objects that can be picked up here. a rat corpse You butcher the rat corpse.
You feel sick.
The gnoll shouts!
You hear a shout!
The gnoll hits you from afar with a +0 spear.
Things that are here:
a chunk of flesh; a rat skeleton You feel sick.
Your tentacle spike disappears.
You see here a +0 flail.
You feel sick.
You are no longer poisoned.
There is a stone staircase leading up here.
The gnoll hits you from afar with a +0 spear!
You die...

. #.# ... #.#####
_.#..#†%...######
.......).r.......#
...###.#####.#####
#. #r# #g #g# gg
#)## .. #.@# ..g
####


You could see a gnoll and a rat.

Vanquished Creatures
  2 gnolls (D:2)
  An adder (D:2)
  An ooze (D:1)
  A dart slug (D:1)
  4 leopard geckos (D:1)
  A giant cockroach (D:1)
  A goblin (D:1)
  4 hobgoblins (D:1)
  4 bats (D:1)
  3 frilled lizards
  4 kobolds
  9 rats
35 creatures vanquished.

Notes
Turn   | Place    | Note
-------+----------+-------------------------------------------
     0 | D:1      | Eightlegvermin the Octopode Transmuter began the quest for
                  | the Orb.
     0 | D:1      | Reached XP level 1. HP: 13/13 MP: 3/3
   102 | D:1      | Reached skill level 1 in Stealth
   125 | D:1      | Reached XP level 2. HP: 15/18 MP: 3/5
   948 | D:1      | Reached XP level 3. HP: 20/23 MP: 6/6
   952 | D:1      | Learned a level 2 spell: Sticks to Snakes
   956 | D:1      | Learned a level 3 spell: Spider Form
  1630 | D:2      | Found a white marble altar of Elyvilon.
  1827 | D:2      | Reached XP level 4. HP: 28/28 MP: 5/7
  1855 | D:2      | Slain by a gnoll

Levels and vault maps discovered:
D:1:      saegor_arrival_simple_a, layout_loops_ring, minmay_misc_feat_enclosed,
          feat_on_display
D:2:      minmay_chambers_of_twos, layout_rooms, nicolae_gozag_seed_capital,
          chequers_temple_overflow_statue_of_worship, first_ration, uniq_natasha

Skill      XL: |  1  2  3 |
---------------+----------+-----
Stealth        | 1 2 3 |  3.1
Transmutations | 3 |  3.2
Fighting       | |  1.0
Dodging        | |  2.0
Unarmed Combat | |  3.4
Spellcasting   | |  2.0

Action                   |  1- 3 |  4- 6 || total
-------------------------+-------+-------++-------
Melee: Unarmed           |    70 |     7 ||    77
       Constrict         |    16 |     3 ||    19
       Kick              |    13 |     1 ||    14
       Tentacles         |     9 |     2 ||    11
       Punch             |     1 |       ||     1
 Cast: Beastly Appendage |    20 |     1 ||    21
  Use: Scroll            |     1 |       ||     1
 Stab: Sleeping          |     8 |       ||     8
  Eat: Chunk             |     2 |       ||     2
Armor: Skin              |     3 |       ||     3
Dodge: Dodged            |    31 |     7 ||    38

Table legend:
 A = Non-vault XP
 B = Vault XP
 C = Vault XP percentage of total XP
 D = Non-vault monster count
 E = Vault monster count
 F = Vault count percentage of total count
                 A         B        C        D         E       F
            +---------+---------+-------+---------+---------+-------
      Total |      98 |       0 |   0.0 |      35 |       0 |   0.0
            +---------+---------+-------+---------+---------+-------
        D:1 |      52 |       0 |   0.0 |      29 |       0 |   0.0
        D:2 |      46 |       0 |   0.0 |       6 |       0 |   0.0
            +---------+---------+-------+---------+---------+-------
